[Event "2nd Namma Bengaluru Open-B 2025"]
[Site "Bengaluru"]
[Date "2025.04.12"]
[Round "7.1"]
[White "Aditya Dileepraj"]
[Black "Nayak, Biswajit"]
[Result "1-0"]
[Annotator "NA"]
[ECO "E12"]
[WhiteElo "1746"]
[BlackElo "1979"]
[PlyCount "101"]
[EventDate "2025.04.10"]
[EventType "swiss"]
[EventCountry "IND"]
[SourceTitle "playchess.com"]
[Source "ChessBase"]
[SourceQuality "1"]
[TimeControl "3600+30"]

1. d4 Nf6 2. c4 e6 3. Nf3 b6 4. Nc3 Bb7 5. Bg5 Bb4 6. Rc1 h6 7. Bxf6 Qxf6 8. a3 {[%emt 0:00:16] E12: Queen's Indian: Unusual White 4th moves, 4 a3, 4 Nc3 Bb7 5 a3 and 4 Nc3 Bb7 .} Bxc3+ 9. Rxc3 O-O 10. g3 Be4 11. Bg2 Nc6 12. e3 e5 13. d5 Ne7 14. O-O d6 15. Nh4 Bxg2 16. Kxg2 g5 17. Qf3 Qxf3+ 18. Nxf3 f5 19. b4 a5 20. Rd1 axb4 21. axb4 Ra4 (21... Kf7 $17 22. c5 bxc5 23. bxc5 Rfc8) 22. c5 $15 Rfa8 23. cxd6 cxd6 24. Nxe5 dxe5 25. d6 Rxb4 26. dxe7 Re8 27. Rc6 Rxe7 28. Rxh6 f4 29. Rh5 g4 30. Rd8+ Kf7 31. gxf4 exf4 32. Rf5+ Ke6 33. Rxf4 Rxf4 34. exf4 b5 35. Rb8 Rf7 36. Kg3 Rf5 37. Kxg4 Rc5 38. f5+ Kf7 39. h4 Rc2 40. Kg5 Rxf2 41. Rb7+ Kg8 42. Rxb5 Rg2+ 43. Kf6 Rh2 44. Rb4 Rh1 45. h5 Rh2 46. Kg5 Kh7 47. f6 Rg2+ 48. Rg4 Ra2 49. Rf4 Rg2+ 50. Kh4 Kg8 51. Rg4+ 1-0

[Event "2nd Namma Bengaluru Open-B 2025"]
[Site "Bengaluru"]
[Date "2025.04.12"]
[Round "7.2"]
[White "Gokul G"]
[Black "Nijesh R"]
[Result "1/2-1/2"]
[Annotator "NA"]
[ECO "B90"]
[WhiteElo "1858"]
[BlackElo "1813"]
[PlyCount "72"]
[EventDate "2025.04.10"]
[EventType "swiss"]
[EventCountry "IND"]
[SourceTitle "playchess.com"]
[Source "ChessBase"]
[SourceQuality "1"]
[TimeControl "3600+30"]

1. e4 c5 2. Nf3 d6 3. d4 cxd4 4. Nxd4 Nf6 5. Nc3 a6 6. h3 e5 7. Nde2 h5 8. g3 Be6 9. Bg2 Be7 10. O-O Nbd7 11. a4 Rc8 12. Be3 Qc7 13. Rc1 O-O 14. b3 Rfd8 15. Qd2 Nf8 16. Rfd1 Qd7 $14 17. Kh2 h4 18. g4 Ng6 19. Bb6 Re8 20. Nd5 Bxd5 21. exd5 Bd8 22. Be3 b5 23. axb5 axb5 24. c4 bxc4 25. bxc4 e4 26. Qd4 Ne5 27. Rg1 Rb8 28. g5 Bb6 29. Qd2 Bxe3 30. fxe3 Nfg4+ 31. hxg4 Nxg4+ 32. Kh1 Nf2+ 33. Kh2 Ng4+ 34. Kh1 Nf2+ 35. Kh2 Ng4+ 36. Kh1 Nf2+ 1/2-1/2

[Event "2nd Namma Bengaluru Open-B 2025"]
[Site "Bengaluru"]
[Date "2025.04.12"]
[Round "7.3"]
[White "Gaigore Sanskar"]
[Black "Afreed T Khan"]
[Result "1/2-1/2"]
[Annotator "NA"]
[ECO "A05"]
[WhiteElo "1752"]
[BlackElo "1921"]
[PlyCount "67"]
[EventDate "2025.04.10"]
[EventType "swiss"]
[EventCountry "IND"]
[SourceTitle "playchess.com"]
[Source "ChessBase"]
[SourceQuality "1"]
[TimeControl "3600+30"]

1. Nf3 Nf6 2. g3 g6 3. b4 Bg7 4. Bb2 O-O 5. Bg2 d6 6. O-O c6 7. c4 {[%emt 0:00:29] A05: Réti Opening: 1 Nf3 Nf6.} a5 8. b5 a4 9. Na3 cxb5 10. cxb5 Nbd7 11. d4 Nb6 12. Nd2 d5 13. e4 dxe4 14. Nxe4 Nxe4 15. Bxe4 Rb8 16. Bc2 Qd5 17. Re1 Be6 18. Be4 Qd6 19. Nc2 Bd5 20. Ba3 Qd7 $15 21. Bc5 Bxe4 22. Rxe4 Nd5 23. Qd3 b6 24. Bb4 Rfc8 25. a3 Qc7 26. Re2 e6 27. Ne3 Nxe3 28. fxe3 Qc4 29. Rd1 Bf8 30. Rb2 Bxb4 31. Rxb4 Qxd3 32. Rxd3 Rc2 33. e4 Rbc8 34. Rf3 1/2-1/2

[Event "2nd Namma Bengaluru Open-B 2025"]
[Site "Bengaluru"]
[Date "2025.04.12"]
[Round "7.4"]
[White "Elesh Tripathi"]
[Black "Narahari Geethika Hasini"]
[Result "1-0"]
[Annotator "NA"]
[ECO "D30"]
[WhiteElo "1758"]
[BlackElo "1856"]
[PlyCount "119"]
[EventDate "2025.04.10"]
[EventType "swiss"]
[EventCountry "IND"]
[SourceTitle "playchess.com"]
[Source "ChessBase"]
[SourceQuality "1"]
[TimeControl "3600+30"]

1. d4 d5 2. g3 Nf6 3. Bg2 e6 4. Nf3 c5 5. O-O h6 6. c4 Nc6 7. Nc3 Be7 8. cxd5 exd5 9. dxc5 Bxc5 10. Bf4 O-O 11. Rc1 Bb6 12. Ne5 Be6 13. Na4 Rc8 14. Nd3 Re8 15. Ndc5 Bxc5 16. Nxc5 Qe7 17. Re1 b6 18. Nxe6 Qxe6 19. Bf3 $11 g5 20. Be3 Ne5 21. Rxc8 Rxc8 22. Bd4 Rc4 23. Bg2 g4 24. b3 Rc8 25. Qd2 Kh7 26. Rd1 Rd8 27. Qf4 Ned7 28. Be3 Nh5 29. Qc7 Qe8 30. Rxd5 Nhf6 31. Rd1 Rc8 32. Qf4 Qf8 33. Qf5+ Kg7 34. Rxd7 Nxd7 35. Qxg4+ Kh8 36. Qxd7 Rd8 37. Qh3 Rd1+ 38. Bf1 Kh7 39. Qf5+ Kh8 40. Qc2 Qd6 41. f3 h5 42. Kf2 Qd7 43. Bh3 Qxh3 44. Qxd1 Qxh2+ 45. Kf1 Qh3+ 46. Ke1 Qxg3+ 47. Bf2 Qc7 48. Qd2 Kh7 49. Qg5 f6 50. Qxh5+ Kg7 51. Qg4+ Kf8 52. Bd4 Kf7 53. Qh5+ Ke6 54. Qe8+ Kd6 55. Bxf6 Qc1+ 56. Kf2 Qh6 57. Qe7+ Kc6 58. Qe6+ Kb7 59. Qd7+ Ka6 60. Qc8+ 1-0

[Event "2nd Namma Bengaluru Open-B 2025"]
[Site "Bengaluru"]
[Date "2025.04.12"]
[Round "7.5"]
[White "Anushka Gupta"]
[Black "Swapnil Priyadarshi"]
[Result "0-1"]
[Annotator "NA"]
[ECO "B20"]
[WhiteElo "1739"]
[BlackElo "1814"]
[PlyCount "92"]
[EventDate "2025.04.10"]
[EventType "swiss"]
[EventCountry "IND"]
[SourceTitle "playchess.com"]
[Source "ChessBase"]
[SourceQuality "1"]
[TimeControl "3600+30"]

1. e4 c5 2. Ne2 d6 3. g3 d5 4. Bg2 d4 5. d3 e5 6. f4 Nc6 7. O-O Nf6 8. Nd2 Be7 9. Nc4 b5 10. Nxe5 Nxe5 11. fxe5 Ng4 12. Nf4 Nxe5 13. Nd5 Bd6 14. Bf4 O-O 15. c3 Bg4 16. Qd2 Be6 17. cxd4 $11 cxd4 18. Rac1 f6 19. h3 Qd7 20. Kh2 g5 21. Bxe5 Bxe5 22. Nxf6+ Bxf6 23. e5 Be7 24. Bc6 Qd8 25. Rxf8+ Qxf8 26. Bxa8 Qxa8 27. Qg2 Qxg2+ 28. Kxg2 Bf5 29. Kf3 Kf7 30. g4 Bxd3 31. Rd1 Bc4 32. Rxd4 Ke6 33. Ke4 Bxa2 34. Rd2 Bb3 35. Kd4 a5 36. Rd3 Bc4 37. Rf3 a4 38. Rf5 Bd5 39. h4 b4 40. hxg5 a3 41. bxa3 bxa3 42. Rf1 Bxg5 43. Rb1 Bd8 44. Kc5 a2 45. Rd1 Bc7 46. g5 Bxe5 0-1

[Event "2nd Namma Bengaluru Open-B 2025"]
[Site "Bengaluru"]
[Date "2025.04.12"]
[Round "7.6"]
[White "Karyasheel P"]
[Black "Aryan Behera"]
[Result "1/2-1/2"]
[Annotator "NA"]
[ECO "B11"]
[WhiteElo "1808"]
[BlackElo "1732"]
[PlyCount "53"]
[EventDate "2025.04.10"]
[EventType "swiss"]
[EventCountry "IND"]
[SourceTitle "playchess.com"]
[Source "ChessBase"]
[SourceQuality "1"]
[TimeControl "3600+30"]

1. e4 c6 2. Nc3 d5 3. Nf3 Bg4 4. h3 Bxf3 5. Qxf3 e6 6. g3 Nf6 7. Bg2 dxe4 8. Nxe4 Nxe4 9. Qxe4 Qd5 10. Qxd5 exd5 11. b3 f5 12. Bb2 Kf7 13. g4 fxg4 14. hxg4 Be7 15. Rh3 Bf6 16. Rf3 Re8+ 17. Kf1 Kg6 18. Bxf6 gxf6 19. Rh3 Na6 20. a3 Nc5 21. f4 Kg7 22. Kf2 Ne6 $14 23. Rah1 Rh8 24. Re3 Rae8 25. Rhe1 Kf7 26. Kg3 Nd4 27. c4 1/2-1/2

[Event "2nd Namma Bengaluru Open-B 2025"]
[Site "Bengaluru"]
[Date "2025.04.12"]
[Round "7.7"]
[White "Hrishikesh Ganapathy Subramani"]
[Black "Prashanth J Naik"]
[Result "1-0"]
[Annotator "NA"]
[ECO "A23"]
[WhiteElo "1792"]
[BlackElo "1979"]
[PlyCount "57"]
[EventDate "2025.04.10"]
[EventType "swiss"]
[EventCountry "IND"]
[SourceTitle "playchess.com"]
[Source "ChessBase"]
[SourceQuality "1"]
[TimeControl "3600+30"]

1. c4 e5 2. Nc3 Nf6 3. g3 c6 4. d4 exd4 5. Qxd4 Na6 6. a3 Bc5 7. Qd2 O-O 8. Bg2 {[%emt 0:00:23] [#]} d5 9. cxd5 cxd5 10. e3 (10. b4 $5) 10... d4 11. exd4 Bxd4 $11 12. Nge2 Bxc3 13. Qxc3 Re8 14. Be3 Nd5 15. Bxd5 Qxd5 16. O-O Bg4 17. Nf4 Qb5 18. b4 g5 19. Ng2 h6 20. f4 Rac8 21. Qd2 Bh3 22. Rae1 Qa4 23. Rf2 Qxa3 24. fxg5 Bxg2 25. Kxg2 Qxb4 26. gxh6 Qe4+ 27. Kg1 Nc5 28. Qb2 Nd3 29. Qg7# 1-0

[Event "2nd Namma Bengaluru Open-B 2025"]
[Site "Bengaluru"]
[Date "2025.04.12"]
[Round "7.8"]
[White "Krishnasai Ramesh Vandanapu"]
[Black "Chakravarti, K.."]
[Result "1-0"]
[Annotator "NA"]
[ECO "B70"]
[WhiteElo "1790"]
[BlackElo "1930"]
[PlyCount "103"]
[EventDate "2025.04.10"]
[EventType "swiss"]
[EventCountry "IND"]
[SourceTitle "playchess.com"]
[Source "ChessBase"]
[SourceQuality "1"]
[TimeControl "3600+30"]

1. e4 c5 2. Nf3 d6 3. d4 cxd4 4. Nxd4 Nf6 5. Nc3 g6 6. Be2 Bg7 7. O-O O-O 8. Bg5 Nc6 9. Nb3 Be6 10. Kh1 Rc8 11. f4 Na5 12. e5 Ne8 13. Nxa5 Qxa5 14. Bxe7 dxe5 15. Bxf8 Kxf8 16. Ne4 Kg8 ({Better is} 16... exf4 $14 17. c3 Kg8) 17. Ng5 Bf5 (17... Rc6 {keeps fighting.} 18. Bf3 Rd6) 18. c3 h6 19. Nf3 $16 (19. g4 $1 $18 hxg5 20. gxf5 exf4 21. fxg6 fxg6 22. Qb3+ Kh7 23. Qxb7) 19... exf4 20. Nd4 Rd8 21. Rxf4 Nd6 22. Nxf5 Nxf5 23. Qc2 Qe5 24. Qe4 Qb8 25. Rd1 Rxd1+ 26. Bxd1 Be5 27. Rg4 Kh7 28. Qd5 Qc7 29. Rc4 Qe7 30. Re4 f6 31. Bb3 h5 32. Qg8+ Kh6 33. Qh8+ Kg5 34. g3 Ng7 35. h4+ Kf5 36. Bc2 Ke6 37. Qg8+ Kd7 38. Ba4+ Kc7 39. Rc4+ Kb6 40. Qd5 a6 41. Rb4+ Ka7 42. Bd7 b6 43. Qc6 Qd6 44. Qxd6 Bxd6 45. Re4 Be5 46. Kg2 Kb7 47. Rc4 b5 48. Rc8 f5 49. Rc6 b4 50. cxb4 Bxb2 51. Rxg6 Kc7 52. Ba4 1-0

[Event "2nd Namma Bengaluru Open-B 2025"]
[Site "Bengaluru"]
[Date "2025.04.12"]
[Round "7.9"]
[White "Nihaan Pohane"]
[Black "Sathyachith E M"]
[Result "1/2-1/2"]
[Annotator "NA"]
[ECO "A45"]
[WhiteElo "1882"]
[BlackElo "1801"]
[PlyCount "101"]
[EventDate "2025.04.10"]
[EventType "swiss"]
[EventCountry "IND"]
[SourceTitle "playchess.com"]
[Source "ChessBase"]
[SourceQuality "1"]
[TimeControl "3600+30"]

1. d4 Nf6 2. Bf4 g6 3. Nc3 d5 4. e3 Bg7 5. h4 h5 6. Nf3 O-O 7. Be2 c5 8. Qd2 Nc6 9. Ne5 Bf5 10. f3 cxd4 11. exd4 Qb6 12. Nxc6 bxc6 13. O-O-O a5 14. Rhg1 a4 15. g4 hxg4 16. fxg4 Ne4 17. Qe3 $15 e5 18. dxe5 Qxe3+ 19. Bxe3 Nxc3 20. bxc3 Be4 21. Bd4 Rfe8 22. Bd3 Bxe5 23. Bxe5 Rxe5 24. Kd2 Bxd3 25. cxd3 Rae8 26. Rge1 Rxe1 27. Rxe1 Rb8 28. Kc2 a3 29. Rb1 Rxb1 30. Kxb1 g5 31. hxg5 Kg7 32. Kc2 Kg6 33. Kb3 Kxg5 34. Kxa3 Kxg4 35. Kb4 f5 36. a4 f4 37. a5 f3 38. a6 f2 39. a7 f1=Q 40. a8=Q Qxd3 41. Qxc6 Kf4 42. Qf6+ Ke3 43. Qg5+ Ke2 44. Qg4+ Kd2 45. Qg2+ Ke3 46. Qg3+ Ke4 47. Qg4+ Ke3 48. Qg5+ Ke4 49. Qe7+ Kf3 50. Qf6+ Ke3 51. Qg5+ 1/2-1/2

[Event "2nd Namma Bengaluru Open-B 2025"]
[Site "Bengaluru"]
[Date "2025.04.12"]
[Round "7.10"]
[White "Tamang, Sudip"]
[Black "Vishwajit S"]
[Result "1-0"]
[Annotator "NA"]
[ECO "A45"]
[WhiteElo "1875"]
[BlackElo "1793"]
[PlyCount "75"]
[EventDate "2025.04.10"]
[EventType "swiss"]
[EventCountry "IND"]
[SourceTitle "playchess.com"]
[Source "ChessBase"]
[SourceQuality "1"]
[TimeControl "3600+30"]

1. d4 Nf6 2. Bf4 e6 3. e3 c5 4. c3 Nc6 5. Nd2 cxd4 6. exd4 b6 7. Ngf3 Bb7 8. Bd3 Be7 9. h3 d6 10. Qe2 a6 11. a4 O-O 12. O-O Qb8 13. Rfe1 Rd8 14. Bh2 Qa7 15. Ng5 Re8 16. Nc4 Rad8 17. Nxf7 Kxf7 18. Qxe6+ Kf8 19. Nxd6 Rxd6 20. Bxd6 Bc8 21. Bxe7+ Nxe7 22. Qd6 Qd7 $18 23. Qxb6 Nfd5 24. Qc5 Bb7 25. Bf1 Rc8 26. Qa3 Rc6 27. c4 Nf4 28. d5 Rg6 29. Kh2 Kf7 30. g3 Nh5 31. Re5 Rf6 32. Rxh5 Rxf2+ 33. Kg1 Rf6 34. Re5 Qc7 35. Rae1 Ng6 36. Re6 Rf5 37. Qe3 Bc8 38. Bd3 1-0